 Seeded DCSS version 0.31-a0-496-g6f97920a28 (webtiles) character file.

Game seed: 7415222406553760909 (custom seed)

46 innerfire43 the Changeling (level 3, 0/15 HPs)
             Began as a Felid Shapeshifter on Aug 8, 2023.
             Slain by a hobgoblin (4 damage)
             ... led by Robin
             ... on level 2 of the Dungeon.
             The game lasted 00:02:32 (1012 turns).

innerfire43 the Changeling (Felid Shapeshifter)     Turns: 1012, Time: 00:02:33

Health: 0/15       AC:  1    Str: 11    XL:     3   Next: 44%
Magic:  4/4        EV: 18    Int:  9    God:
Gold:   79         SH:  0    Dex: 18    Spells: 2/2 levels left
                                        Lives:  0   Deaths: 0

rFire   . .          .
                       - Unarmed
rCold   . . .        (shield unavailable)
rNeg    . . .        (body armour unavailable)
rPois   .            (helmet unavailable)
rElec   .            (cloak unavailable)
rCorr   .            (gloves unavailable)
SInv    +            (boots unavailable)
Will    .....        (no amulet)
Stlth   ++           d - ring of wizardry
HPRegen 0.22/turn    j - ring of wizardry
MPRegen 0.09/turn

%: wizardry (x2)
@: beast-form, quick
A: beast (slay +2), very small, claws 1, fangs 3, see invisible, speed 1, shaggy
fur 1, stealthy paws, no weapons or thrown items, no armour, multi-lived
a: Begin Untransformation


You were on level 2 of the Dungeon.
You were a hulking beast.
You visited 1 branch of the dungeon, and saw 3 of its levels.

You collected 79 gold pieces.

Inventory:

Armour
 m - a +1 robe of cold resistance
Jewellery
 d - a ring of wizardry (left paw)
 f - a ring of positive energy
 j - a ring of wizardry (right paw)
Talismans
 b - a beast talisman (active)
 c - a flux talisman
 h - a flux talisman
Scrolls
 g - a scroll of teleportation {unknown}
 i - a scroll of identify {unknown}
 k - a scroll of fog {unknown}
 l - a scroll of poison {unknown}
Potions
 a - 2 potions of lignification
 e - 2 potions of curing {unknown}


   Skills:
 - Level 1.0 Fighting
 - Level 3.4 Dodging
 - Level 3.0 Unarmed Combat
 * Level 4.3 Shapeshifting


You had 2 spell levels left.
You didn't know any spells.
Your spell library was empty.

Dungeon Overview and Level Annotations

Branches:
Dungeon (3/15)

Altars:

Shops:
D:1 ?

Annotations:
D:2 Robin


Innate Abilities, Weirdness & Mutations

You are a hulking beast.
Your limbs bulge with bestial killing power. (Slay +2)
You have sharp claws.
You have razor-sharp teeth.
You have supernaturally acute eyesight. (SInv)
You cover ground quickly. (Speed+)
You are covered in fur. (AC +1)
Your paws help you pounce on unaware monsters.
You are incapable of wielding weapons or throwing items.
You cannot wear armour.
You gain extra lives every three experience levels.


Message History

d - a ring of wizardry (left paw)
j - a ring of wizardry (right paw)
You open the door.
There is an open door here. 3 goblins and 4 hobgoblins come into view.
Found 15 gold pieces.
The hobgoblin shouts!
The goblin shouts!
The hobgoblin shouts! x2
You hear a shout! x2; You hear an angry hiss.
An adder comes into view.
A goblin comes into view. It is wielding a +0 dagger.
The hobgoblin moves out of view.
The goblin shouts!
You open the door.
A goblin comes into view. It is wielding a +0 dagger.
Found a stone staircase leading down.
Found a glowing garnet ring.
The goblin shouts!
You hear a shout! x2
There is an open door here.
You hear a shout!
A goblin comes into view. It is wielding a +0 dagger.
There is a stone staircase leading down here.
The goblin hits you with a +0 club.
You climb downwards.
There is a stone staircase leading up here.
You claw the goblin!
You kill the goblin!
Things that are here:
a +0 club; a goblin corpse
There is a stone staircase leading up here.
You climb upwards.
The adder barely misses you. The hobgoblin closely misses you.
The hobgoblin hits you. The adder bites you.
Robin of the Strong Arm comes into view.
They are wielding a +0 trident.
The hobgoblin hits you.
* * * LOW HITPOINT WARNING * * *
The hobgoblin misses you.
There is a stone staircase leading down here.
The adder completely misses you. Robin throws the goblin at you!
* * * LOW HITPOINT WARNING * * *
The hobgoblin hits you.
You die...

#...............
#.##############
#########.#
........#.#
........#.#
........#.#
........#.#
.......g#.######..
......Shg.........
.=....g.#g..g.....
........##.###g#..
..........$g.....#
#############$...#
g... #### #.. ....
. .###


You could see Robin, an adder, 2 hobgoblins and 5 goblins.

Vanquished Creatures
  A worm (D:2)
  A dart slug (D:2)
  2 bats (D:1)
  2 giant cockroaches (D:1)
  8 goblins
  2 hobgoblins (D:1)
  6 jackals (D:1)
  4 quokkas
  2 ball pythons (D:1)
  2 frilled lizards (D:1)
  3 kobolds
  3 rats
36 creatures vanquished.

Notes
Turn   | Place    | Note
-------+----------+-------------------------------------------
     0 | D:1      | innerfire43 the Felid Shapeshifter began the quest for the
                  | Orb.
     0 | D:1      | Reached XP level 1. HP: 9/9 MP: 2/2
    86 | D:1      | Reached XP level 2. HP: 5/12 MP: 3/3
   363 | D:1      | Found Onoqawk's Magic Scroll Emporium.
   480 | D:1      | Reached skill level 4 in Shapeshifting
   483 | D:1      | Reached XP level 3. HP: 15/15 MP: 4/4
  1011 | D:2      | Noticed Robin
  1012 | D:2      | Slain by a hobgoblin

Illustrated notes

Levels and vault maps discovered:
D:1:      spicycebolla_green_bress_n_ham_2, layout_rooms, serial_shops, shop,
          minmay_misc_feat_hallway
D:2:      layout_basic, uniq_robin
D:3:      minmay_evil_eye, layout_basic,
          mainiacjoe_overflow_concentric_impassable, lemuel_tele_altar,
          gammafunk_temple_overflow_arena, nemelex_altar_shiori,
          kennysheep_generic_room_6

Skill      XL: |  1  2 |
---------------+-------+-----
Dodging        | 3 |  3.4
Shapeshifting  | 4 |  4.3
Fighting       | |  1.0
Unarmed Combat | |  3.0

Action                     || total
---------------------------++-------
  Melee: Unarmed           ||    81
         Punch             ||     3
         Bite              ||     4
   Stab: Sleeping          ||     1
 Armour: Skin              ||     4
  Dodge: Dodged            ||    66

Table legend: (Time is in decaauts)
 A = Elapsed time spent in this place.
 B = Non-inter-level travel time spent in this place.
 C = Inter-level travel time spent in this place.
 D = Time resting spent in this place.
 E = Time spent auto-exploring this place.
 F = Levels seen in this place.
 G = Mean time per level.
                   A        B        C        D        E       F      G
               +--------+--------+--------+--------+--------+-----+--------+
         Total |    860 |    840 |     20 |      0 |    622 |   3 |  286.7 |
       Dungeon |    860 |    840 |     20 |      0 |    622 |   3 |  286.7 |
               +--------+--------+--------+--------+--------+-----+--------+

Top non-repeatable levels by time:
     D:1: 522 daAuts
     D:2: 322 daAuts
     D:3: 16 daAuts
